 Dungeon Crawl Stone Soup version 0.28.0 (webtiles) character file.

Game seed: 7938375246005437705

684 Akaron the Covert (level 7, -7/45 HPs)
             Began as an Octopode Brigand on Feb 13, 2022.
             Mangled by a gnoll (9 damage)
             ... on level 4 of the Dungeon.
             The game lasted 00:08:29 (4068 turns).

Akaron the Covert (Octopode Brigand)                Turns: 4068, Time: 00:08:30

Health: -7/45      AC:  1    Str: 10    XL:     7   Next: 62%
Magic:  7/7        EV: 10    Int: 13    God:
Gold:   299        SH:  0    Dex: 16    Spells: 4/6 levels left

rFire   . . .      SeeInvis .   a - +2 dagger
rCold   . . .      Faith    .   (no shield)
rNeg    . . .      Spirit   .   (helmet restricted)
rPois   .          Reflect  .   (no amulet)
rElec   .          Harm     .   p - ring of flight
rCorr   .          Rampage  .   (no ring)
Will    .....                   (no ring)
Stlth   ++++++....              (no ring)
HPRegen 0.15/turn               (no ring)
MPRegen 0.10/turn               (no ring)
                                (no ring)
                                (no ring)

@: flying, constricted
A: almost no armour, amphibious, 8 rings, camouflage 1, gelatinous body 1,
(nimble swimmer 1), tentacles
a: no special abilities


You were on level 4 of the Dungeon.
You visited 1 branch of the dungeon, and saw 4 of its levels.
You also visited: Sewer.

You collected 299 gold pieces.

Inventory:

Hand Weapons
 a - a +2 dagger (weapon)
 j - a +0 hunting sling
Missiles
 b - 12 poisoned darts (quivered)
 c - 2 curare-tipped darts
 k - 78 stones
 l - 45 sling bullets
Jewellery
 p - a ring of flight (left tentacle)
Wands
 t - a wand of mindburst (10)
Scrolls
 d - a scroll of blinking {unknown}
 f - 2 scrolls of vulnerability {unknown}
 g - a scroll of identify {unknown}
 h - a scroll of immolation {unknown}
 i - a scroll of noise {unknown}
 q - a scroll of amnesia
 r - a scroll of enchant weapon {unknown}
 u - a scroll of teleportation {unknown}
Potions
 e - a potion of attraction {unknown}
 m - a potion of curing {unknown}
 n - a potion of magic {unknown}
 o - a potion of lignification {unknown}
 s - a potion of mutation {unknown}
 v - a potion of berserk rage


   Skills:
 + Level 2.8 Fighting
 + Level 3.8 Short Blades
 + Level 2.6 Throwing
 + Level 2.1 Dodging
 + Level 10.4 Stealth
 * Level 0.4 Hexes
 * Level 0.5 Ice Magic


You had 4 spell levels left.
You knew the following spells:

 Your Spells              Type           Power      Damage    Failure   Level
a - Ensorcelled Hibernat  Hex/Ice        2%         N/A       36%         2

Your spell library contained the following spells:

 Spells                   Type           Power      Damage    Failure   Level
 Passwall                 Tmut/Erth      0%         N/A       43%         2
 Swiftness                Air            0%         N/A       67%         3


Dungeon Overview and Level Annotations

Branches:
Dungeon (4/15)              Sewer (visited)
 Temple: D:4-7

Altars:


Innate Abilities, Weirdness & Mutations

You cannot wear most types of armour.
You are amphibious.
You can wear up to eight rings at the same time.
Your skin changes colour to match your surroundings (Stealth+).
Your rubbery body absorbs attacks. (AC +1, EV +1)
((You are camouflaged when in or above water. (Stealth+)))
You have tentacles for arms and can constrict up to eight enemies at once.


Message History

You hit the gnoll.
The gnoll is moderately wounded.
You constrict the gnoll, but do no damage.
The ball python closely misses you. The ball python constricts you.
The gnoll hits you from afar with a +0 spear.
A gnoll comes into view. It is wielding a +0 spear.
The gnoll hits you from afar with a +0 spear.
The gnoll escapes!
You closely miss the gnoll.
The gnoll shouts!
You grab the gnoll.
The gnoll is moderately wounded.
You constrict the gnoll.
You hear a shout!
The ball python bites you but does no damage.
The ball python constricts you.
The gnoll hits you from afar with a +0 spear.
The gnoll misses you.
A gnoll comes into view. It is wielding a +0 flail.
The gnoll barely misses you.
The ball python's grasp on you weakens, but your attempt to escape fails.
You constrict the gnoll. The ball python bites you.
The ball python constricts you. The gnoll barely misses you.
The gnoll hits you from afar with a +0 spear.
The gnoll hits you with a +0 flail!
* * * LOW HITPOINT WARNING * * *
As you read the scroll labelled UXILUP GIUSI, it crumbles to dust.
It is a scroll of amnesia.
Really abort (and waste the scroll)? [Y]es or [N]o only, please.
Really abort (and waste the scroll)?
Okay, then.
You constrict the gnoll. The ball python barely misses you.
The ball python constricts you.
* * * LOW HITPOINT WARNING * * *
A gnoll shaman comes into view. It is wielding a +0 whip.
The gnoll hits you from afar with a +0 spear.
* * * LOW HITPOINT WARNING * * *
The gnoll hits you from afar with a +0 spear!
You die...

..........+.........'.)......#
#.
####....###.........####...#.#
#. ##.#.# ##.......##
##..#.###. ###)# ##.....##
####...<. #.# ##...### #.####
#)# ##....# #.# #)# #..#.# #.#
######.# #..#.+ #.# #.....)#
#g@# # #.# #.###### #.S.# #.#
#..ggg ### ##...## ##..g #.##
.. #.


You could see a gnoll shaman, 4 gnolls and a ball python.

Vanquished Creatures
  Sigmund (D:3)
  Pargi (Sewer)
  A phantom (D:4)
  A scorpion (D:3)
  2 orc priests (D:4)
  2 hounds (D:4)
  Ijyb (D:3)
  Robin (D:3)
  3 adders
  A worm (D:3)
  2 dart slugs
  6 orcs (D:4)
  9 endoplasms
  8 giant cockroaches
  17 goblins
  8 hobgoblins
  9 kobolds
  10 quokkas
  6 ball pythons
  8 bats
  5 frilled lizards
  5 rats (D:1)
107 creatures vanquished.

Notes
Turn   | Place    | Note
-------+----------+-------------------------------------------
     0 | D:1      | Akaron the Octopode Brigand began the quest for the Orb.
     0 | D:1      | Reached XP level 1. HP: 14/14 MP: 1/1
   111 | D:1      | Reached XP level 2. HP: 19/19 MP: 2/2
   160 | D:1      | Reached skill level 6 in Stealth
   251 | D:1      | Found a faded altar of an unknown god.
   335 | D:1      | Reached XP level 3. HP: 12/24 MP: 3/3
  1158 | D:2      | Reached skill level 7 in Stealth
  1294 | D:2      | Reached XP level 4. HP: 29/29 MP: 4/4
  1824 | D:3      | Noticed Robin
  2135 | D:3      | Killed Robin
  2333 | D:3      | Noticed Sigmund
  2350 | D:3      | Killed Sigmund
  2351 | D:3      | Reached skill level 8 in Stealth
  2351 | D:3      | Reached XP level 5. HP: 34/34 MP: 5/5
  2351 | D:3      | Reached XP level 6. HP: 39/39 MP: 6/6
  2585 | D:3      | Reached skill level 9 in Stealth
  2967 | D:3      | Noticed Ijyb
  2969 | D:3      | Killed Ijyb
  3352 | D:4      | Found a glowing drain.
  3374 | Sewer    | Entered a sewer
  3419 | Sewer    | Noticed Pargi
  3426 | Sewer    | Killed Pargi
  3427 | Sewer    | Reached XP level 7. HP: 45/45 MP: 7/7
  3490 | D:4      | Reached skill level 10 in Stealth
  3657 | D:4      | Learned a level 2 spell: Ensorcelled Hibernation
  4068 | D:4      | HP: 2/45 [gnoll (3)]
  4068 | D:4      | Mangled by a gnoll

Illustrated notes

Levels and vault maps discovered:
D:1:      co_arrival_square_in_a_square_in_a_square, layout_loops_ring,
          nicolae_ecumenical_snake_handling,
          nicolae_concentric_dashed_squares_mild
D:2:      layout_loops_ring
D:3:      layout_loops_corners, uniq_sigmund, uniq_robin, uniq_ijyb
D:4:      layout_loops_corners, gup_sewer_entry_pipe, grunt_ministairs_3,
          uniq_eustachio

Skill      XL: |  1  2  3  4  5  6  7 |
---------------+----------------------+-----
Stealth        | 6 7 8 9 10 | 10.4
Short Blades   | 3 |  3.8
Dodging        | 2 |  2.1
Fighting       | |  2.8
Throwing       | |  2.6
Hexes          | |  0.4
Ice Magic      | |  0.5

Action                   |  1- 3 |  4- 6 |  7- 9 || total
-------------------------+-------+-------+-------++-------
Melee: Dagger            |    72 |    79 |    26 ||   177
       Constrict         |    13 |    15 |     5 ||    33
       Tentacles         |     8 |    13 |     3 ||    24
       Punch             |     1 |       |       ||     1
 Fire: Hunting sling     |       |     3 |       ||     3
Throw: Dart              |       |     7 |       ||     7
  Use: Scroll            |       |       |     1 ||     1
 Stab: Sleeping          |    20 |    23 |    12 ||    55
Armor: Skin              |     1 |    10 |     2 ||    13
Dodge: Dodged            |    22 |    40 |    15 ||    77
